 Dungeon Crawl Stone Soup version 0.20.2-3-g29329e0561 (webtiles) character file.

973 Alfie the Shield-Bearer (level 8, -8/68 HPs)
             Began as a Hill Orc Fighter on Dec 12, 2023.
             Mangled by Alfie's ghost (12 damage)
             ... on level 5 of the Dungeon.
             The game lasted 00:12:03 (3439 turns).

Alfie the Shield-Bearer (Hill Orc Fighter)          Turns: 3439, Time: 00:12:04

Health: -8/68      AC: 11    Str: 21    XL:     8   Next: 16%
Magic:  8/8        EV:  9    Int:  8    God:
Gold:   176        SH: 10    Dex: 10    Spells: 3/7 levels left

rFire    . . .     SeeInvis .   a - +0 rapier
rCold    . . .     Gourm    .   c - +0 shield
rNeg     . . .     Faith    .   A - +2 ring mail {rPois}
rPois    +         Spirit   .   o - +1 hat
rElec    .         Reflect  .   w - +0 cloak
rCorr    .         Harm     .   j - +0 pair of gloves
MR       .....                  (no boots)
Stlth    ..........             (no amulet)
Regen    0.3/turn               (no ring)
MPRegen  0.2/turn               (no ring)

@: no status effects
A: no striking features
a: no special abilities


You were on level 5 of the Dungeon.
You were not hungry.

You visited 1 branch of the dungeon, and saw 5 of its levels.

You collected 176 gold pieces.

Inventory:

Hand Weapons
 a - a +0 rapier (weapon)
Armour
 c - a +0 shield (worn)
 j - a +0 pair of gloves (worn)
 o - a +1 hat (worn)
 w - a +0 cloak (worn)
 A - a +2 ring mail of poison resistance (worn)
Jewellery
 p - an uncursed ring of positive energy {unknown}
Wands
 b - a wand of enslavement (6/24)
 y - a wand of polymorph (5/24)
Scrolls
 e - 5 scrolls of identify
 g - 4 scrolls of remove curse {unknown}
 i - 2 scrolls of amnesia {unknown}
 k - 3 scrolls of enchant weapon {unknown}
 q - a scroll of recharging {unknown}
 r - a scroll of immolation {unknown}
 t - a scroll of teleportation {unknown}
 v - a scroll of fog {unknown}
 B - a scroll of enchant armour {unknown}
Potions
 d - a potion of heal wounds {unknown}
 h - a potion of brilliance {unknown}
 l - 2 potions of cancellation
 m - a potion of lignification
 n - a potion of curing {unknown}
 u - a potion of magic {unknown}
 z - a potion of agility {unknown}
Books
 x - a book of Conjurations

   Spells                             Type                      Level
   a - Magic Dart                     Conjuration                  1
   b - Searing Ray                    Conjuration                  2
   c - Dazzling Spray                 Conjuration/Hexes            3
   d - Fulminant Prism                Conjuration/Hexes            4
   e - Force Lance                    Conjuration/Translocation    4
   f - Iskenderun's Mystic Blast      Conjuration                  4
Comestibles
 f - 2 bread rations
 s - 2 meat rations


   Skills:
 + Level 5.3 Fighting
 + Level 5.5 Short Blades
 + Level 5.4 Armour
 + Level 2.2 Dodging
 + Level 5.9 Shields


You had 3 spell levels left.
You knew the following spells:

 Your Spells              Type           Power        Failure   Level  Hunger
a - Petrify               Tmut/Erth      #.......     100%        4    #####..


Dungeon Overview and Level Annotations

Branches:
Dungeon (5/15)             Temple (0/1) D:5

Altars:
Elyvilon
The Shining One

Annotations:
D:5 Alfie's ghost, novice HOFi


Message History

You hit Alfie's ghost but do no damage.
Alfie's ghost is lightly damaged.
Alfie's ghost hits you.
* * * LOW HITPOINT WARNING * * *
You barely miss Alfie's ghost.
Alfie's ghost is lightly damaged.
Alfie's ghost barely misses you.
You hit Alfie's ghost but do no damage.
Alfie's ghost is lightly damaged.
Alfie's ghost completely misses you.
You hit Alfie's ghost but do no damage.
Alfie's ghost is lightly damaged.
Alfie's ghost hits you but does no damage.
You closely miss Alfie's ghost.
Alfie's ghost is lightly damaged.
You block Alfie's ghost's attack.
You hit Alfie's ghost.
Alfie's ghost is moderately damaged.
Alfie's ghost hits you!
You die...

#..... ###..#
##+#####...#
#######.........##
#....##.........#
#....##.........#
#....##.........##
#....###'#..#####.
#@W..'.).#........
#....#####.8.8.8..
#....# #..⌠.⌠...
♣≈....# #W8.>.8..
♣≈.?..# #..⌠.⌠...
♣≈..≈≈#####.8.8.8..
♣≈≈...≈♣............
PP≈.≈≈≈≈≈≈≈....#####
...≈≈≈≈≈♣.).#


You could see Alfie's ghost.

Vanquished Creatures
  Eustachio (D:5)
  Edmund (D:4)
  Duvessa (D:4)
  A phantom (D:4)
  An ogre (D:5)
  Dowan (D:4)
  A bullfrog skeleton (D:4)
  An orc priest (D:4)
  Crazy Yiuf (D:4)
  A centaur skeleton (D:4)
  Jessica (D:2)
  An iguana (D:4)
  2 orc wizards
  A hound skeleton (D:4)
  3 gnolls (D:2)
  5 adders
  An ooze (D:3)
  A dart slug (D:3)
  3 leopard geckos
  15 orcs
  A ball python (D:3)
  7 bats
  4 giant cockroaches
  8 goblins
  9 hobgoblins
  5 jackals
  A quokka (D:4)
  9 frilled lizards
  8 kobolds
  A leopard gecko skeleton (D:4)
  9 rats
105 creatures vanquished.

Vanquished Creatures (others)
  A plant (D:5)
1 creature vanquished.

Grand Total: 106 creatures vanquished

Notes
Turn   | Place    | Note
-------+----------+-------------------------------------------
     0 | D:1      | Alfie the Hill Orc Fighter began the quest for the Orb.
     0 | D:1      | Reached XP level 1. HP: 19/19 MP: 1/1
   235 | D:1      | Reached XP level 2. HP: 27/27 MP: 2/2
   332 | D:1      | Found a glowing golden altar of the Shining One.
   676 | D:2      | Reached XP level 3. HP: 33/33 MP: 3/3
   772 | D:2      | Noticed Jessica
   786 | D:2      | Killed Jessica
   880 | D:2      | Reached XP level 4. HP: 39/40 MP: 4/4
  1361 | D:3      | Reached XP level 5. HP: 45/47 MP: 5/5
  2069 | D:4      | Noticed a phantom
  2103 | D:4      | Noticed Duvessa
  2103 | D:4      | Noticed Dowan
  2114 | D:4      | Killed Dowan
  2114 | D:4      | Reached skill level 1 in Dodging
  2114 | D:4      | Reached XP level 6. HP: 46/53 MP: 6/6
  2122 | D:4      | Killed Duvessa
  2179 | D:4      | Killed a phantom
  2179 | D:4      | Reached skill level 5 in Shields
  2179 | D:4      | Reached XP level 7. HP: 24/60 MP: 7/7
  2370 | D:4      | Found a runed door.
  2488 | D:4      | Noticed Crazy Yiuf
  2491 | D:4      | Killed Crazy Yiuf
  2548 | D:4      | Found a white marble altar of Elyvilon.
  2640 | D:4      | Reached skill level 5 in Fighting
  2654 | D:4      | Learned a level 4 spell: Petrify
  2797 | D:4      | Reached skill level 5 in Armour
  2901 | D:4      | Noticed Edmund
  2937 | D:4      | Killed Edmund
  2937 | D:4      | Reached skill level 5 in Short Blades
  3100 | D:5      | Entered Level 5 of the Dungeon
  3123 | D:5      | Found a staircase to the Ecumenical Temple.
  3351 | D:5      | Noticed Eustachio
  3369 | D:5      | Killed Eustachio
  3369 | D:5      | Reached XP level 8. HP: 30/68 MP: 8/8
  3393 | D:5      | Noticed Alfie's ghost (novice HOFi)
  3434 | D:5      | HP: 3/68 [Alfie's ghost (3)]
  3439 | D:5      | Mangled by Alfie's ghost

Skill      XL: |  1  2  3  4  5  6  7 |
---------------+----------------------+-----
Fighting       | 4 5 |  5.3
Short Blades   | 3 4 5 |  5.5
Armour         | 4 5 |  5.4
Shields        | 4 5 |  5.9
Dodging        | 1 2 |  2.2

Action                   |  1- 3 |  4- 6 |  7- 9 || total
-------------------------+-------+-------+-------++-------
Melee: Rapier            |    75 |   210 |   199 ||   484
  Use: Potion            |       |     3 |     1 ||     4
       Scroll            |       |       |     1 ||     1
  Eat: Bread ration      |       |     1 |     1 ||     2
       Fruit             |       |       |     2 ||     2
Armor: Scale mail        |    43 |    80 |    31 ||   154
       Skin              |       |    11 |       ||    11
       Ring mail         |       |       |    14 ||    14
Dodge: Dodged            |    31 |    59 |    50 ||   140
Block: Shield            |    41 |   119 |    71 ||   231
